 Dungeon Crawl Stone Soup version 0.23.0-3-gf3c87f2 (webtiles) character file.

Game seed: 18406655503642681335

322 ohad the Changer (level 6, -1/38 HPs)
             Began as an Octopode Transmuter on Feb 22, 2019.
             Was an Initiate of Gozag.
             Slain by Crazy Yiuf
             ... wielding a +2 quarterstaff of chaos
              (18 damage)
             ... on level 4 of the Dungeon.
             The game lasted 00:09:11 (4365 turns).

ohad the Changer (Octopode Transmuter)              Turns: 4365, Time: 00:09:13

Health: -1/38      AC:  2    Str: 10    XL:     6   Next: 47%
Magic:  16/20      EV: 19    Int: 17    God:    Gozag
Gold:   399        SH:  0    Dex: 17    Spells: 6/12 levels left

rFire    . . .     SeeInvis .     - Unarmed
rCold    . . .     Gourm    .   (shield currently unavailable)
rNeg     . . .     Faith    .   (helmet currently unavailable)
rPois    x         Spirit   .   (no amulet)
rElec    .         Reflect  .   l - ring of flight
rCorr    .         Harm     .   o - ring of magical power
MR       .....                  (no ring)
Stlth    ++........             (no ring)
HPRegen  0.12/turn              (no ring)
MPRegen  0.17/turn              (no ring)
                                (no ring)
                                (no ring)

@: spider-form (expiring)
A: tiny, almost no armour, stealthy swim, (amphibious), 8 rings, (constrict 8)
a: End Transformation, Potion Petition, Call Merchant, Bribe Branch, Renounce
Religion, Evoke Flight


You were on level 4 of the Dungeon.
You worshipped Gozag.
Gozag was aware of your devotion.
You were not hungry.
You were a venomous arachnid creature.
You visited 1 branch of the dungeon, and saw 4 of its levels.

You collected 411 gold pieces.
You paid 12 gold pieces to Gozag.

Inventory:

Hand Weapons
 j - a +2 dagger of draining
 q - a +0 dagger of venom
 v - a +0 dagger of venom
Missiles
 a - 34 arrows
 g - a throwing net (quivered)
Jewellery
 l - a ring of flight (left front leg)
 o - a ring of magical power (right front leg)
Wands
 w - a wand of flame (9)
Scrolls
 b - 6 scrolls of remove curse {unknown}
 d - a scroll of magic mapping {unknown}
 e - 5 scrolls of enchant armour {unknown}
 f - 2 scrolls of fear {unknown}
 h - 9 scrolls of identify {unknown}
 n - 3 scrolls of amnesia {unknown}
 p - a scroll of enchant weapon {unknown}
Potions
 k - a potion of heal wounds {unknown}
 m - a potion of might {unknown}
 r - a potion of ambrosia {unknown}
 s - 2 potions of haste {unknown}
 t - a potion of lignification {unknown}
 u - 2 potions of berserk rage {unknown}
Comestibles
 c - 6 rations


   Skills:
 - Level 1.0 Fighting
 - Level 2.0 Dodging
 - Level 3.5 Unarmed Combat
 + Level 3.5 Spellcasting
 - Level 5.4 Transmutations


You had 6 spell levels left.
You knew the following spells:

 Your Spells              Type           Power        Failure   Level  Hunger
a - Beastly Appendage     Tmut           ###...       8%          1    None
b - Sticks to Snakes      Tmut           ###.....     10%         2    ##.....
c - Spider Form           Tmut/Pois      ##........   34%         3    ###....

Your spell library contained the following spells:

 Spells                   Type           Power        Failure   Level  Hunger
 Blade Hands              Tmut           ###.......   65%         5    ######.
 Ice Form                 Ice/Tmut       ##......     69%         4    ####...


Dungeon Overview and Level Annotations

Branches:
Dungeon (4/15)             Temple (0/1) D:4

Altars:
Gozag
Hepliaklqana
Okawaru
Trog

Shops:
D:4 =

Annotations:
D:4 Crazy Yiuf, Pikel


Innate Abilities, Weirdness & Mutations

You cannot wear most types of armour.
You are very stealthy in the water. (Stealth+)
((You are amphibious.))
You can wear up to eight rings at the same time.
((You can use your tentacles to constrict eight enemies at once.))
((Your skin changes colour to match your surroundings (Stealth+).))
((Your rubbery body absorbs attacks. (AC +1, EV +1)))


Message History

Confirm with . or Enter, or press ? or * to list all spells.
You turn into a venomous arachnid creature.
Crazy Yiuf grits, "Cake!
Seed tea senile."
You open the door.
Your transformation is almost over.
Crazy Yiuf closely misses you.
There is an open translucent door here.
You barely miss Crazy Yiuf.
Crazy Yiuf hits you with a +2 quarterstaff of chaos!
You are lethally poisoned!
You completely miss Crazy Yiuf.
You feel sick.
Crazy Yiuf hits you with a +2 quarterstaff of chaos.
You feel better.
Casting: Spider Form (safe; 34% risk of failure)
Confirm with . or Enter, or press ? or * to list all spells.
You create a snake!
You now have 34 arrows.
Crazy Yiuf hits you with a +2 quarterstaff of chaos!
You are electrocuted!!
You die...
Your body crumbles into a pile of gold.

#.# #.############# #############
#.# #.............. ............#
#.# ############### .......######
### #..# #### .......# ##.# #...
#......##♣♣♣♣♣ #.# #...
##.....#...♣.♣♣♣ #### ##.# #...
###.........♣..♣#.S.# #..#####...
#.#........♣♣♣♣.sg..# #..........
..#....#..♣♣ ♣♣#..)# #..#.......
###....##♣♣ #### #..#.######
###....# ##.#....... .##....#
#.#....... #.#.#### #.#.......
#.#.############# #####.#.######
.##.#...........####.......#.....
##.>.............................


You could see Crazy Yiuf and a friendly ball python.

Vanquished Creatures
  A scorpion (D:4)
  Ijyb (D:4)
  Jessica (D:2)
  6 gnolls (D:2)
  7 adders
  A shadow imp (D:3)
  An ooze (D:1)
  An adder skeleton (D:4)
  3 worms
  A dart slug (D:1)
  2 leopard geckos
  8 orcs
  5 giant cockroaches
  7 goblins
  5 hobgoblins
  2 jackals (D:1)
  A ball python (D:2)
  11 bats
  6 frilled lizards
  10 kobolds
  2 rats
82 creatures vanquished.

Notes
Turn   | Place    | Note
-------+----------+-------------------------------------------
     0 | D:1      | ohad the Octopode Transmuter began the quest for the Orb.
     0 | D:1      | Reached XP level 1. HP: 13/13 MP: 3/3
   117 | D:1      | Reached XP level 2. HP: 11/18 MP: 5/5
   596 | D:1      | Reached XP level 3. HP: 23/23 MP: 4/6
   759 | D:2      | Reached skill level 3 in Transmutations
   895 | D:2      | Noticed Jessica
   977 | D:2      | Reached XP level 4. HP: 21/28 MP: 5/7
  1108 | D:2      | Learned a level 2 spell: Sticks to Snakes
  1112 | D:2      | Learned a level 3 spell: Spider Form
  1178 | D:2      | Found an opulent altar of Gozag.
  1258 | D:2      | Reached skill level 4 in Transmutations
  1283 | D:2      | HP: 1/28 [poisoned by an adder]
  1588 | D:2      | Became a worshipper of Gozag Ym Sagoz the Greedy
  1627 | D:2      | Killed Jessica
  1658 | D:2      | Found a bloodstained altar of Trog.
  1705 | D:2      | Reached XP level 5. HP: 26/33 MP: 8/8
  2267 | D:2      | Reached skill level 5 in Transmutations
  3246 | D:4      | Reached XP level 6. HP: 38/38 MP: 9/9
  3368 | D:4      | Noticed Ijyb
  3391 | D:4      | Killed Ijyb
  3654 | D:4      | Found an iron altar of Okawaru.
  3721 | D:4      | Found Uffusm's Jewellery Boutique.
  3727 | D:4      | Noticed a slave
  3728 | D:4      | Noticed Pikel
  3730 | D:4      | Noticed a slave
  3730 | D:4      | Noticed a slave
  3731 | D:4      | Noticed a slave
  4120 | D:4      | Found a staircase to the Ecumenical Temple.
  4203 | D:4      | Found a hazy altar of Hepliaklqana.
  4352 | D:4      | Found a runed translucent door.
  4354 | D:4      | Noticed Crazy Yiuf
  4365 | D:4      | Slain by Crazy Yiuf

Skill      XL: |  1  2  3  4  5  6 |
---------------+-------------------+-----
Transmutations | 3 4 5 |  5.4
Spellcasting   | 3 |  3.5
Fighting       | |  1.0
Dodging        | |  2.0
Unarmed Combat | |  3.5

Action                   |  1- 3 |  4- 6 || total
-------------------------+-------+-------++-------
Melee: Unarmed           |    67 |   138 ||   205
       Tentacles         |    11 |     8 ||    19
       Kick              |    11 |    12 ||    23
       Constrict         |    20 |    18 ||    38
       Punch             |       |     3 ||     3
 Cast: Beastly Appendage |    13 |    15 ||    28
       Spider Form       |       |    12 ||    12
       Sticks to Snakes  |       |     2 ||     2
  Use: Potion            |       |     5 ||     5
 Stab: Sleeping          |     8 |     6 ||    14
  Eat: Chunk             |       |     2 ||     2
       Ration            |       |     4 ||     4
Armor: Skin              |    15 |     8 ||    23
Dodge: Dodged            |    56 |    74 ||   130
